 Dungeon Crawl Stone Soup version 0.32-a0-484-g2eb335deba (webtiles) character file.

Game seed: 6714077004410083491

837 Dirtsage the Skirmisher (level 7, -6/50 HPs)
             Began as a Demonspawn Hunter on Feb 26, 2024.
             Shot with an arrow by a centaur (15 damage)
             ... on level 5 of the Dungeon.
             The game lasted 00:11:23 (3860 turns).

Dirtsage the Skirmisher (Demonspawn Hunter)         Turns: 3860, Time: 00:11:25

Health: -6/50      AC:  3    Str: 11    XL:     7   Next: 66%
Magic:  0/7        EV: 12    Int: 10    God:
Gold:   170        SH:  0    Dex: 22    Spells: 6/6 levels left

rFire   + . .        g - +0 orcbow
rCold   . . .        (shield currently unavailable)
rNeg    . . .        c - +0 leather armour
rPois   .            (no helmet)
rElec   .            (no cloak)
rCorr   .            (no gloves)
SInv    +            (no boots)
Will    .....        h - amulet of guardian spirit
Stlth   ++++         S - ring of see invisible
HPRegen 0.28/turn    F - ring of protection from fire
MPRegen 0.10/turn

%: guardian spirit
@: wreathed by umbra
A: thin skeletal structure 2, powered by death 1, foul shadow 2
a: no special abilities


You were on level 5 of the Dungeon.
You visited 1 branch of the dungeon, and saw 5 of its levels.

You collected 170 gold pieces.

Inventory:

Hand Weapons
 a - a +0 shortbow
 g - a +0 orcbow (weapon)
Armour
 c - a +0 leather armour (worn)
Jewellery
 b - a ring of flight
 h - an amulet of guardian spirit (around neck)
 m - a +6 ring of intelligence
 F - a ring of protection from fire (right hand)
 S - a ring of see invisible (left hand)
Scrolls
 j - a scroll of poison
 k - a scroll of revelation {unknown}
 o - a scroll of immolation
 q - a scroll of amnesia {unknown}
Potions
 d - a potion of might
 e - 2 potions of cancellation {unknown}
 f - 2 potions of attraction {unknown}
 l - 2 potions of magic {unknown}
 n - a potion of berserk rage {unknown}
 p - 2 potions of enlightenment {unknown}
 r - a potion of invisibility
 s - a potion of curing {unknown}


   Skills:
 - Level 2.0 Fighting
 + Level 8.8 Ranged Weapons
 - Level 1.7 Dodging
 - Level 0.8 Stealth


You had 6 spell levels left.
You didn't know any spells.
Your spell library contained the following spells:

 Spells                   Type           Power      Damage    Failure   Level
 Sublimation of Blood     Necr           0%         N/A       58%         2
 Call Canine Familiar     Summ           0%         N/A       83%         3
 Hailstorm                Conj/Ice       0%         3d5       83%         3
 Sigil of Binding         Hex            0%         N/A       83%         3
 Summon Ice Beast         Ice/Summ       0%         N/A       83%         3
 Dimensional Bullseye     Hex/Tloc       0%         N/A       99%         4
 Petrify                  Alch/Erth      0%         N/A       99%         4
 Irradiate                Conj/Alch      0%         3d11      100%        5
 Sculpt Simulacrum        Ice/Alch       0%         N/A       100%        6


Dungeon Overview and Level Annotations

Branches:
Dungeon (5/15)
 Temple: D:4-7

Altars:
Cheibriados
Fedhas

Shops:
D:5 (

Annotations:
D:3 1 runed translucent door, Crazy Yiuf
D:5 exclusion: hornet


Innate Abilities, Weirdness & Mutations

You have a moderately thin skeletal structure. (Dex +4, Stealth++)
You regenerate a little health from kills.
You are shadowed, sometimes releasing foul flame when damaged in melee.


Message History

As you read the scroll of identify, it crumbles to dust.
l - a potion of might;
d - a potion of might;
l - 2 metallic clear potions A centaur comes into view.
You shoot an arrow. The arrow hits the centaur!
The centaur shouts!
The centaur is moderately wounded.
The centaur wields a +0 orcbow.
The centaur shoots an arrow.
The arrow hits you.
You take 2 damage, and have 48/50 hp.
You shoot an arrow.
The arrow hits the centaur but does no damage.
The centaur is moderately wounded.
The centaur shoots an arrow.
The arrow barely misses you.
The centaur shoots an arrow.
The arrow closely misses you.
You shoot an arrow.
The arrow hits the centaur but does no damage.
The centaur is moderately wounded.
The centaur shoots an arrow.
The arrow hits you!
You take 6 damage, and have 43/50 hp.
You now have 6/7 mp.
You shoot an arrow. The arrow hits the centaur!
The centaur is severely wounded.
The centaur shoots an arrow.
The arrow hits you!
The centaur shoots an arrow.
The arrow barely misses you.
You take 7 damage, and have 36/50 hp.
You now have 5/7 mp.
You shoot an arrow. The arrow hits the centaur.
The centaur is severely wounded.
The centaur shoots an arrow.
The arrow closely misses you.
You shoot an arrow. The arrow barely misses the centaur.
The centaur shoots an arrow.
The arrow hits you!
The centaur shoots an arrow.
The arrow hits you!
* * * LOW HITPOINT WARNING * * *
You take 22 damage, and have 15/50 hp.
MASSIVE DAMAGE!!
You now have 2/7 mp.
Fire: g) +0 orcbow
Press: ? - help, Q - select action Shift-Dir - straight line, f/p - centaur
Aim: a centaur, wielding a +0 orcbow (severely wounded, 73% to hit)
You shoot an arrow. The arrow closely misses the centaur.
The centaur shoots an arrow.
The arrow hits you.
* * * LOW HITPOINT WARNING * * *
The centaur shoots an arrow.
The arrow hits you!
You die...

##..........#
.....#### #.
#..####...#.#
####[. #.
...#####.##.#
..
.........##.##
##
...########....
##.# ### c####
#.# ... #.# #.#
#.######## #@#
#.....>..# #.#
########.# #.#
#.# #.# ###.#
#.#
###...######.#
#......<..##.#
#.#.#####.##.#
#.#.# #.#


You could see a centaur.

Vanquished Creatures
  Grinder (D:3)
  2 ice beasts
  A bombardier beetle (D:4)
  A jelly (D:5)
  An orc priest (D:3)
  A gnoll bouda (D:3)
  Terence (D:3)
  Jessica (D:2)
  Ijyb (D:3)
  An orc wizard (D:2)
  2 sleepcaps
  6 adders
  4 gnolls
  3 dart slugs
  4 ribbon worms
  7 orcs
  5 endoplasms
  3 giant cockroaches
  6 goblins
  4 hobgoblins
  6 kobolds
  5 quokkas
  8 ball pythons
  4 bats
  3 frilled lizards
  5 rats
86 creatures vanquished.

Notes
Turn   | Place    | Note
-------+----------+-------------------------------------------
     0 | D:1      | Dirtsage the Demonspawn Hunter began the quest for the Orb.
     0 | D:1      | Reached XP level 1. HP: 16/16 MP: 1/1
   116 | D:1      | Reached skill level 4 in Ranged Weapons
   143 | D:1      | Gained mutation: You are faintly shadowed, very rarely
                  | releasing foul flame when damaged in melee. [demonic
                  | ancestry]
   143 | D:1      | Reached XP level 2. HP: 22/22 MP: 2/2
   790 | D:2      | Gained mutation: You have a somewhat thin skeletal
                  | structure. (Dex +2, Stealth+) [demonic ancestry]
   790 | D:2      | Reached XP level 3. HP: 27/27 MP: 3/3
   840 | D:2      | Noticed Jessica
   843 | D:2      | Killed Jessica
   844 | D:2      | Reached skill level 5 in Ranged Weapons
   909 | D:2      | Gained mutation: You have a moderately thin skeletal
                  | structure. (Dex +4, Stealth++) [demonic ancestry]
   909 | D:2      | Reached XP level 4. HP: 33/33 MP: 4/4
   973 | D:2      | Found a blossoming altar of Fedhas.
  1001 | D:2      | Found a faded altar of an unknown god.
  1249 | D:3      | Noticed Terence
  1264 | D:3      | Killed Terence
  1367 | D:3      | Noticed Ijyb
  1378 | D:3      | Killed Ijyb
  1379 | D:3      | Gained mutation: You regenerate a little health from kills.
                  | [demonic ancestry]
  1379 | D:3      | Reached XP level 5. HP: 25/38 MP: 3/5
  1540 | D:2      | Reached skill level 6 in Ranged Weapons
  1779 | D:3      | Found a runed translucent door.
  1780 | D:3      | Noticed Crazy Yiuf
  2092 | D:3      | Noticed Grinder
  2106 | D:3      | Killed Grinder
  2107 | D:3      | Reached skill level 7 in Ranged Weapons
  2107 | D:3      | Reached XP level 6. HP: 30/44 MP: 4/6
  2369 | D:4      | Noticed an ice beast
  2518 | D:4      | Noticed an ice beast
  2978 | D:4      | Gained mutation: You are shadowed, sometimes releasing foul
                  | flame when damaged in melee. [demonic ancestry]
  2978 | D:4      | Reached XP level 7. HP: 50/50 MP: 7/7
  3136 | D:4      | Reached skill level 8 in Ranged Weapons
  3502 | D:5      | Entered Level 5 of the Dungeon
  3649 | D:5      | Found a snail-covered altar of Cheibriados.
  3652 | D:5      | Noticed a hornet
  3797 | D:5      | Found Zagodoiq's Weapon Shop.
  3860 | D:5      | Shot with an arrow by a centaur

Illustrated notes

Levels and vault maps discovered:
D:1:      roderic_dead_forest, layout_loops_ring
D:2:      layout_basic, basic_altar, hellmonk_ecumenical_altar_crossroads,
          uniq_jessica
D:3:      layout_loops_cross, uniq_ijyb, uniq_grinder, uniq_crazy_yiuf_cottage,
          uniq_terence
D:4:      layout_rooms
D:5:      layout_loops_ring, minitemple, serial_shops, shop

Skill      XL: |  1  2  3  4  5  6  7 |
---------------+----------------------+-----
Ranged Weapons | 4 5 7 8 |  8.8
Fighting       | |  2.0
Dodging        | |  1.7
Stealth        | |  0.8

Action                     |  1- 3 |  4- 6 |  7- 9 || total
---------------------------+-------+-------+-------++-------
   Fire: Shortbow          |    75 |   205 |    33 ||   313
         Orcbow            |       |       |    25 ||    25
  Evoke: Wand              |       |     4 |       ||     4
    Use: Scroll            |       |     6 |     1 ||     7
 Armour: Leather armour    |    11 |    52 |    17 ||    80
  Dodge: Dodged            |    10 |    55 |    19 ||    84

Table legend: (Time is in decaauts)
 A = Elapsed time spent in this place.
 B = Non-inter-level travel time spent in this place.
 C = Inter-level travel time spent in this place.
 D = Time resting spent in this place.
 E = Time spent auto-exploring this place.
 F = Levels seen in this place.
 G = Mean time per level.
                   A        B        C        D        E       F      G
               +--------+--------+--------+--------+--------+-----+--------+
         Total |   3912 |   3520 |    392 |    229 |   2563 |   5 |  782.4 |
       Dungeon |   3912 |   3520 |    392 |    229 |   2563 |   5 |  782.4 |
               +--------+--------+--------+--------+--------+-----+--------+

Top non-repeatable levels by time:
     D:3: 1440 daAuts
     D:2: 837 daAuts
     D:4: 638 daAuts
     D:1: 636 daAuts
     D:5: 360 daAuts
